 Dungeon Crawl Stone Soup version 0.23.1 (webtiles) character file.

Game seed: 97912447430124488

497 Kairos the Sneak (level 7, -3/35 HPs)
             Began as a Vine Stalker Assassin on Mar 7, 2019.
             Killed by divine providence
             ... invoked by an orc priest
              (10 damage)
             ... on level 4 of the Dungeon.
             The game lasted 00:13:09 (3696 turns).

Kairos the Sneak (Vine Stalker Assassin)            Turns: 3696, Time: 00:13:09

Health: -3/35      AC: 11    Str: 15    XL:     7   Next: 16%
Magic:  0/8        EV: 12    Int: 11    God:
Gold:   201        SH:  0    Dex: 16    Spells: 6/6 levels left

rFire    . . .     SeeInvis .   h - +2 short sword (protect)
rCold    . . .     Gourm    .   (no shield)
rNeg     . . .     Faith    .   t - +0 leather armour
rPois    .         Spirit   +   (no helmet)
rElec    .         Reflect  .   u - scarf {cloud immunity}
rCorr    .         Harm     .   (no gloves)
MR       .....                  p - +0 pair of boots
Stlth    +++.......             (no amulet)
HPRegen  0.51/turn              (no ring)
MPRegen  0.11/turn              (no ring)

@: protection aura
A: fangs 2, regeneration 1, magic shield, antimagic bite, no potion heal 3, rot
immunity
a: no special abilities


You were on level 4 of the Dungeon.
You were very hungry.

You visited 1 branch of the dungeon, and saw 4 of its levels.

You collected 201 gold pieces.

Inventory:

Hand Weapons
 a - a +2 dagger
 b - a +0 blowgun
 h - a +2 short sword of protection (weapon)
Missiles
 e - 23 poisoned needles
 f - 2 curare-tipped needles
 o - 11 tomahawks (quivered)
Armour
 c - a +0 robe
 d - a +0 cloak
 p - a +0 pair of boots (worn)
 t - a +0 leather armour (worn)
 u - a scarf of cloud immunity (worn)
Wands
 z - a wand of flame (7)
Scrolls
 j - a scroll of blinking
 k - 5 scrolls of fear
 l - a scroll of enchant weapon {unknown}
 r - 2 scrolls of enchant armour {unknown}
 x - a scroll of noise {unknown}
 y - 3 scrolls of amnesia {unknown}
 A - a scroll of identify
Potions
 i - a potion of cancellation
 m - 3 potions of haste {unknown}
 n - a potion of brilliance {unknown}
 q - a potion of curing {unknown}
 s - a potion of mutation {unknown}
 v - a potion of might
Comestibles
 g - 5 rations


   Skills:
 + Level 2.8 Fighting
 + Level 4.1 Short Blades
 + Level 1.8 Throwing
 + Level 1.2 Armour
 + Level 2.2 Dodging
 + Level 7.4 Stealth


You had 6 spell levels left.
You didn't know any spells.
Your spell library was empty.

Dungeon Overview and Level Annotations

Branches:
Dungeon (4/15)
 Temple: D:4-7

Altars:
Hepliaklqana
Ru
Trog
Xom


Innate Abilities, Weirdness & Mutations

You have extremely sharp teeth.
Your natural rate of healing is unusually fast.
When hurt, damage is shared between your health and your magic reserves.
Your bite disrupts and absorbs the magic of your enemies.
Potions cannot restore your health.
You are immune to rotting.


Message History

The orc priest is lightly wounded.
The orc priest invokes the aid of Beogh against you.
Beogh smites you!
The orc priest calls upon Beogh to heal the orc priest.
The orc priest's wounds heal themselves!
You hit the orc priest.
You bite the orc priest, but do no damage.
The orc priest is lightly wounded.
The orc priest mumbles some strange prayers to Beogh against you.
Beogh smites you!
* * * LOW HITPOINT WARNING * * *
The orc priest hits you but does no damage.
You hit the orc priest.
The orc priest is heavily wounded.
The orc priest hits you but does no damage.
You hit the orc priest but do no damage.
The orc priest is heavily wounded.
The orc priest invokes the aid of Beogh against you.
Beogh smites you!
You die...

####### #.....# #.###.# #.# #.#
########### #.###.# #.........#
#.....# #....o....# ####..#
#...@.....# ### #..# #....o....#
#.. #..# ##.<.......# #.####
####..######..........#### #.##..
...#>......+.............# #.##.#
......######.....#######.# #.##.#
...#..######.....#######.###....#
#)##.............................
#......†.........###....o..#####.


You could see 2 orc priests.

Vanquished Creatures
  Edmund (D:4)
  A hound (D:4)
  3 orc priests (D:3)
  4 worker ants
  A killer bee zombie (D:4)
  5 adders
  2 worms
  2 dart slugs
  4 leopard geckos
  15 orcs
  2 giant cockroaches
  4 goblins
  8 hobgoblins
  12 jackals
  3 quokkas
  5 bats
  4 frilled lizards
  7 kobolds
  5 rats
88 creatures vanquished.

Notes
Turn   | Place    | Note
-------+----------+-------------------------------------------
     0 | D:1      | Kairos the Vine Stalker Assassin began the quest for the
                  | Orb.
     0 | D:1      | Reached XP level 1. HP: 11/11 MP: 2/2
    80 | D:1      | Reached skill level 5 in Stealth
   435 | D:1      | Reached XP level 2. HP: 15/15 MP: 3/3
   844 | D:2      | Reached XP level 3. HP: 18/18 MP: 4/4
   925 | D:2      | Reached skill level 1 in Dodging
  1282 | D:2      | Found a hazy altar of Hepliaklqana.
  1319 | D:2      | Found a sacrificial altar of Ru.
  1341 | D:2      | Reached skill level 6 in Stealth
  1405 | D:2      | Gained mutation: Your natural rate of healing is unusually
                  | fast. [Vine Stalker growth]
  1405 | D:2      | Reached XP level 4. HP: 23/23 MP: 5/5
  2051 | D:3      | Reached XP level 5. HP: 14/26 MP: 3/6
  2668 | D:3      | Found a bloodstained altar of Trog.
  2885 | D:3      | Found a shimmering altar of Xom.
  2958 | D:3      | Reached skill level 7 in Stealth
  3113 | D:4      | Reached XP level 6. HP: 32/32 MP: 7/7
  3320 | D:4      | Noticed Edmund
  3367 | D:4      | Killed Edmund
  3367 | D:4      | Reached skill level 1 in Armour
  3367 | D:4      | Reached XP level 7. HP: 3/35 MP: 3/8
  3696 | D:4      | Killed from afar by an orc priest

Skill      XL: |  1  2  3  4  5  6  7 |
---------------+----------------------+-----
Stealth        | 5 6 7 |  7.4
Fighting       | 2 |  2.8
Short Blades   | 2 3 4 |  4.1
Dodging        | 1 2 |  2.2
Armour         | 1 |  1.2
Throwing       | |  1.8

Action                   |  1- 3 |  4- 6 |  7- 9 || total
-------------------------+-------+-------+-------++-------
Melee: Dagger            |    12 |       |       ||    12
       Short sword       |    63 |   176 |    22 ||   261
       Bite              |    14 |    59 |     9 ||    82
  Use: Scroll            |     2 |     1 |       ||     3
       Potion            |       |     1 |       ||     1
 Stab: Sleeping          |    10 |     9 |     1 ||    20
  Eat: Chunk             |     2 |     6 |       ||     8
Armor: Robe              |    16 |     8 |       ||    24
       Leather armour    |       |    40 |     9 ||    49
Dodge: Dodged            |    41 |   100 |    13 ||   154
